 Dungeon Crawl Stone Soup version 0.20.1-1-g8b1a95d (webtiles) character file.

72826 vatarom the Destroyer (level 15, -5/67 HPs)
             Began as a Spriggan Conjurer on Sept 4, 2017.
             Was a High Priest of Sif Muna.
             Shot with an arrow by a centaur warrior (31 damage)
             ... on level 13 of the Dungeon.
             The game lasted 01:25:33 (32114 turns).

vatarom the Destroyer (Spriggan Conjurer)          Turns: 32114, Time: 01:25:34

Health: -5/67      AC:  4    Str: 10    XL:     15   Next: 2%
Magic:  35/38      EV: 22    Int: 20    God:    Sif Muna [*****.]
Gold:   1596       SH:  0    Dex: 20    Spells: 13/32 levels left

rFire    . . .     SeeInvis +   J - staff of conjuration
rCold    + + .     Gourm    .   (shield currently unavailable)
rNeg     . . .     Faith    .   a - +1 robe
rPois    +         Spirit   .   (helmet restricted)
rElec    +         Reflect  .   V - +0 cloak "Tusuczug" {rElec rPois MR+ Regen+}
rCorr    .         Harm     +   (gloves unavailable)
MR       +++..                  (boots unavailable)
Stlth    +++.......             p - amulet of harm
Regen    0.7/turn               E - ring of Dyxkytze {rC++ Str+3 Dex+3}
MPRegen  0.3/turn               j - ring of magical power

@: very slightly contaminated, divine energy, very quick
A: unfitting armour, claws 1, see invisible, herbivore 3, speed 3, slow
metabolism 2
a: Stop Divine Energy, Channel Magic, Forget Spell, Renounce Religion


You were on level 13 of the Dungeon.
You worshipped Sif Muna.
Sif Muna was extremely pleased with you.
You were not hungry.

You visited 3 branches of the dungeon, and saw 20 of its levels.
You also visited: Labyrinth and Ossuary.

You collected 1596 gold pieces.

Inventory:

Hand Weapons
 w - the +6 mace "Touso" {crush, +Fly}
   (You found it on level 4 of the Dungeon)

   It inflicts extra damage upon your enemies.
   It lets you fly.
Armour
 a - a +1 robe (worn)
 V - the +0 cloak "Tusuczug" (worn) {rElec rPois MR+ Regen+}
   (You found it on level 6 of the Lair of Beasts)

   It insulates you from electricity.
   It protects you from poison.
   It affects your resistance to hostile enchantments.
   It increases your rate of regeneration.
Magical Staves
 J - an uncursed staff of conjuration (weapon)
Jewellery
 d - an uncursed ring of protection from fire
 j - a ring of magical power (right claw)
 l - an uncursed ring of poison resistance
 p - an amulet of harm (around neck)
 A - an uncursed ring of ice
 E - the ring of Dyxkytze (left claw) {rC++ Str+3 Dex+3}
   (You found it on level 8 of the Dungeon)

   [ring of dexterity]

   It affects your strength (+3).
   It affects your dexterity (+3).
   It greatly protects you from cold.
 Y - a +5 ring of protection
Wands
 b - a wand of acid (0/15)
 c - a wand of iceblast (6/15)
 f - a wand of disintegration (19/24)
 v - a wand of iceblast (0/15)
 X - a wand of lightning (7/15)
Scrolls
 e - 7 scrolls of remove curse
 h - 2 scrolls of blinking
 m - a scroll of amnesia
 s - 6 scrolls of teleportation
 B - 4 scrolls of identify
 C - a scroll of enchant armour
 I - 2 scrolls of magic mapping
 U - 2 scrolls of fog
 W - 3 scrolls of fear
 Z - a scroll of enchant weapon
Potions
 i - 4 potions of heal wounds
 q - a potion of might
 r - 9 potions of curing
 u - 2 potions of magic
 z - 2 potions of flight
 D - 5 potions of haste
 F - 2 potions of brilliance
 H - a potion of resistance
 M - a potion of invisibility
Books
 G - Lausemm's Catalogue of Hexes
   (Sif Muna gifted it to you on level 6 of the Lair of Beasts)

   Spells                             Type                      Level
   a - Confuse                        Hexes                        3
   b - Summon Guardian Golem          Hexes/Summoning              3
   c - Fulminant Prism                Conjuration/Hexes            4
   d - Darkness                       Hexes                        6
 L - a book of Maledictions

   Spells                             Type                      Level
   a - Corona                         Hexes                        1
   b - Ensorcelled Hibernation        Hexes/Ice                    2
   c - Confuse                        Hexes                        3
   d - Tukima's Dance                 Hexes                        3
   e - Dazzling Spray                 Conjuration/Hexes            3
 O - a book of Geomancy

   Spells                             Type                      Level
   a - Sandblast                      Earth                        1
   b - Passwall                       Transmutation/Earth          2
   c - Stone Arrow                    Conjuration/Earth            3
   d - Petrify                        Transmutation/Earth          4
   e - Lee's Rapid Deconstruction     Earth                        5
 P - the Volume of Summoning and Fire
   (You found it in a labyrinth)

   Spells                             Type                      Level
   a - Ignite Poison                  Fire/Transmutation/Poison    3
   b - Inner Flame                    Hexes/Fire                   3
   c - Ring of Flames                 Charms/Fire                  7
   d - Spellforged Servitor           Conjuration/Summoning        7
 S - Sif Muna's Reference Book on the Escort
   (Sif Muna gifted it to you on level 6 of the Lair of Beasts)

   Spells                             Type                      Level
   a - Summon Small Mammal            Summoning                    1
   b - Recall                         Summoning/Translocation      3
   c - Summon Demon                   Summoning                    5
   d - Shadow Creatures               Summoning                    6
   e - Malign Gateway                 Summoning/Translocation      7
   f - Summon Hydra                   Summoning                    7
Miscellaneous
 o - a phantom mirror
 Q - a crystal ball of energy
Comestibles
 g - 7 royal jellies
 k - a bread ration
 n - 12 fruits


   Skills:
 * Level 2.4 Fighting
 - Level 6.2 Dodging
 - Level 3.0 Stealth
 - Level 9.2 Spellcasting
 - Level 14.0 Conjurations
 - Level 4.6 Hexes
 - Level 5.0 Charms
 - Level 10.0 Summonings
 + Level 12.5 Translocations
 - Level 8.0 Invocations
 - Level 4.6 Evocations


You had 13 spell levels left.
You knew the following spells:

 Your Spells              Type           Power        Failure   Level  Hunger
c - Dazzling Spray        Conj/Hex       ######       1%          3    None
d - Fulminant Prism       Conj/Hex       ######....   1%          4    ###....
e - Force Lance           Conj/Tloc      #######.     1%          4    ###....
f - Iskenderun's Mystic   Conj           #######.     1%          4    ###....
g - Regeneration          Chrm/Necr      ###.......   8%          3    None
i - Summon Butterflies    Summ           #####...     1%          1    None


Dungeon Overview and Level Annotations

Branches:
Dungeon (13/15)            Temple (1/1) D:5            Lair (6/6) D:9
 Shoals (0/4) Lair:3        Snake (0/4) Lair:3        Slime (0/5) Lair:6
    Orc (0/2) D:12         Vaults (0/5) D:13

Altars:
Ashenzari
Cheibriados
Dithmenos
Elyvilon
Fedhas
Gozag
Hepliaklqana
Kikubaaqudgha
Makhleb
Nemelex Xobeh
Okawaru
Qazlal
Ru
Sif Muna
Trog
Uskayaw
Vehumet
Xom
Yredelemnul
Zin
The Shining One
Jiyva

Annotations:
D:7 Joseph
Lair:6 exclusion: oklob plant


Innate Abilities, Weirdness & Mutations

You are very small and have problems with some larger weapons.
You are too small for most types of armour.
You have supernaturally acute eyesight. (SInv)
You are a herbivore.
You cover ground extremely quickly.
You need consume almost no food.
You have sharp fingernails.


Message History

Okay, then.
Blink to where?
Press: ? - help, Dir - move target cursor, p - manticore You are very lightly contaminated with residual magic.
As you read the scroll of blinking, it crumbles to dust.
You carefully extract the barbed spikes from your body.
The centaur warrior shoots an arrow.
The arrow hits you.
A phantom comes into view.
The phantom moves out of view.
You start resting.
Casting: Dazzling Spray
Confirm with . or Enter, or press ? or * to list all spells.
Aiming: Dazzling Spray
Press: ? - help, Shift-Dir - straight line, f - centaur warrior
Aim: a centaur warrior, wielding a longbow You feel a surge of power!
The spray of energy hits the centaur warrior.
The centaur warrior shoots an arrow.
The arrow hits you!
The centaur warrior shoots an arrow.
The arrow hits you!!
You die...

..##.#)#.#.##.............#
.##.#.#.#.##..##..........#
####.#.#.#.#..##..........#
..#.#(#.#.###.............#
#.##.#.#.#.###............#
..#.#.#.#.#####........####
..##.#.#.#.##......##..#
..#∩#.#.#.##...#..###.##
..##########..#.@(..#.# . ..#.#
#.[....#.#cc.# .. ....#
##.......##..# ..$ ..###
##)..#..####.## .... ...##
##)........##..### .....
##..#####)(##...##.#...c(##......
###.##.......W).........x(.H.....
........#####..........?.#.......
...##.### #...............%....


You could see a centaur warrior, a phantom (wandering) and a centaur.

Vanquished Creatures
  Rupert (D:13)
  A dire elephant (Lair:6)
  A minotaur (Lab)
  Josephine (Lair:6)
  Fannar (Lair:2)
  An ogre mage (D:13)
  7 hydras
  A vault guard (D:13)
  3 catoblepae (Lair:6)
  Erica (D:10)
  2 centaur warriors
  5 two-headed ogres
  9 death yaks
  Sonja (Lair:3)
  2 unseen horrors
  2 manticores (Lair:6)
  2 centaur zombies
  4 ugly things
  A cyclops (D:12)
  14 elephants
  3 black mambas
  3 gargoyles
  3 torpor snails
  13 spiny frogs
  A rime drake (Lair:2)
  2 kobold demonologists (D:13)
  10 komodo dragons
  2 minotaur zombies (Lab)
  3 polar bears
  4 trolls
  13 blink frogs
  8 hippogriffs
  A snapping turtle (Lair:3)
  A harpy skeleton (D:12)
  3 basilisks
  8 wraiths
  4 wyverns
  A spriggan (Lair:6)
  62 yaks
  3 hogs (D:7)
  2 hungry ghosts
  A human (D:7)
  2 nagas (Lair:3)
  14 water moccasins
  8 porcupines
  4 orc warriors
  5 black bears
  2 ice beasts
  5 sky beasts
  A phantom (D:11)
  9 ogres
  3 wolves (Lair:1)
  9 centaurs
  16 crocodiles
  A big kobold (D:8)
  13 bullfrogs
  A gnoll sergeant (D:9)
  A wyvern zombie (D:12)
  A water moccasin zombie (D:12)
  2 scorpions (D:8)
  4 wights (D:6)
  12 killer bees
  2 electric eels (Lair:3)
  9 howler monkeys
  7 crimson imps
  4 jellies
  8 hounds
  A gnoll shaman (D:9)
  9 orc priests
  4 bullfrog skeletons
  13 orc wizards
  A centaur skeleton (D:12)
  3 iguanas
  Ijyb (D:4)
  Natasha (thrice) (D:4)
  16 worker ants
  2 big kobold zombies (Ossuary)
  8 mummies (Ossuary)
  A worker ant zombie (D:5)
  15 adders
  14 gnolls
  2 oozes
  An adder zombie (D:8)
  An adder skeleton (D:6)
  3 worms
  2 dart slugs (D:3)
  11 leopard geckos
  57 orcs
  2 ball pythons (D:1)
  2 giant cockroaches
  A gnoll zombie (Ossuary)
  5 goblins
  6 hobgoblins
  8 jackals
  4 quokkas
  10 bats
  5 frilled lizards
  A giant cockroach zombie (D:6)
  2 hobgoblin zombies (Ossuary)
  14 kobolds
  A kobold zombie (Ossuary)
  2 orc zombies (Ossuary)
  7 rats
  2 fungi (Lair:5)
  4 plants
598 creatures vanquished.

Vanquished Creatures (collateral kills)
  A bullfrog skeleton (D:12)
  A worker ant (D:12)
  An orc (D:12)
3 creatures vanquished.

Vanquished Creatures (others)
  2 bushes (Lair:6)
  132 fulminant prisms
  23 fungi
  21 plants
  7 toadstools (Lair:2)
185 creatures vanquished.

Grand Total: 786 creatures vanquished

Notes
Turn   | Place    | Note
-------+----------+-------------------------------------------
     0 | D:1      | vatarom the Spriggan Conjurer began the quest for the Orb.
     0 | D:1      | Reached XP level 1. HP: 9/9 MP: 5/5
    10 | D:1      | Reached skill level 3 in Conjurations
   313 | D:1      | Reached XP level 2. HP: 13/13 MP: 3/6
   440 | D:1      | Learned a level 2 spell: Searing Ray
  1044 | D:2      | Reached XP level 3. HP: 12/16 MP: 4/8
  1101 | D:2      | Learned a level 3 spell: Dazzling Spray
  1205 | D:2      | Reached skill level 4 in Conjurations
  1361 | D:2      | Reached XP level 4. HP: 16/21 MP: 0/9
  1871 | D:2      | Found a glowing golden altar of the Shining One.
  2459 | D:3      | Reached XP level 5. HP: 23/24 MP: 10/10
  2636 | D:3      | Found a burning altar of Makhleb.
  2636 | D:3      | Found a glowing silver altar of Zin.
  2637 | D:3      | Noticed an angel
  2637 | D:3      | Noticed a green death
  2931 | D:3      | Reached skill level 1 in Hexes
  3316 | D:4      | Noticed Natasha
  3319 | D:4      | Killed Natasha
  3319 | D:4      | Reached skill level 5 in Conjurations
  3498 | D:4      | Reached XP level 6. HP: 27/28 MP: 11/11
  3669 | D:4      | Noticed Natasha
  3678 | D:4      | Killed Natasha
  3689 | D:4      | Learned a level 4 spell: Fulminant Prism
  3761 | D:4      | Noticed Ijyb
  3764 | D:4      | Noticed Natasha
  3771 | D:4      | Killed Natasha
  3777 | D:4      | Killed Ijyb
  3986 | D:4      | Reached skill level 6 in Conjurations
  3986 | D:4      | Reached XP level 7. HP: 32/32 MP: 6/12
  4653 | D:4      | Got a crystal mace
  4654 | D:4      | Identified the +6 mace "Touso" {crush, +Fly} (You found it on level 4 of the Dungeon)
  4915 | D:5      | Entered Level 5 of the Dungeon
  5077 | D:5      | Reached skill level 7 in Conjurations
  5088 | D:5      | Reached XP level 8. HP: 32/36 MP: 3/13
  5434 | D:5      | Found a hazy altar of Hepliaklqana.
  5904 | D:5      | Learned a level 4 spell: Force Lance
  6121 | D:5      | Found a staircase to the Ecumenical Temple.
  6139 | Temple   | Entered the Ecumenical Temple
  7111 | D:6      | Found an iron altar of Okawaru.
  7111 | D:6      | Found a deep blue altar of Sif Muna.
  7111 | D:6      | Found a sparkling altar of Nemelex Xobeh.
  7140 | D:6      | Found a shattered altar of Ashenzari.
  7170 | D:6      | Became a worshipper of Sif Muna the Loreminder
  7202 | D:6      | Reached skill level 5 in Spellcasting
  7358 | D:6      | Learned a level 4 spell: Iskenderun's Mystic Blast
  7565 | D:6      | Found a sacrificial altar of Ru.
  7587 | D:6      | Reached skill level 8 in Conjurations
  7715 | D:6      | Gained mutation: Your magical capacity is low. (-10% MP) [potion of mutation]
  7715 | D:6      | Gained mutation: You are partially covered in large bone plates. (SH +4) [potion of mutation]
  8128 | D:6      | Reached skill level 5 in Dodging
  8128 | D:6      | Reached XP level 9. HP: 39/39 MP: 16/16
  8539 | D:7      | Reached * piety under Sif Muna
  8539 | D:7      | Reached skill level 1 in Translocations
  8616 | D:7      | Found a sand-covered staircase.
  8630 | Ossuary  | Entered an ossuary
  8866 | Ossuary  | Lost mutation: Your magical capacity is low. (-10% MP) [potion of mutation]
  8866 | Ossuary  | Lost mutation: You are partially covered in large bone plates. (SH +4) [potion of mutation]
  8866 | Ossuary  | Gained mutation: You are resistant to electric shocks. (rElec) [potion of mutation]
  8866 | Ossuary  | Lost mutation: You are resistant to electric shocks. (rElec) [potion of mutation]
  8866 | Ossuary  | Gained mutation: You have sharp fingernails. [potion of mutation]
  8927 | D:7      | Noticed Joseph
  9400 | D:7      | Reached skill level 5 in Translocations
  9406 | D:7      | Reached ** piety under Sif Muna
 10061 | D:8      | Got a faintly glowing jade ring
 10063 | D:8      | Identified the ring of Dyxkytze {rC++ Str+3 Dex+3} (You found it on level 8 of the Dungeon)
 10201 | D:8      | Reached skill level 1 in Invocations
 10400 | D:8      | Reached skill level 9 in Conjurations
 10789 | D:8      | Found a shattered altar of Ashenzari.
 10833 | D:8      | Reached XP level 10. HP: 44/44 MP: 11/19
 11570 | D:9      | Found a staircase to the Lair.
 11712 | D:9      | Got a faintly glowing whip
 11713 | D:9      | Identified the cursed +0 whip of Painful Death {flame, rElec rC++ Str-5} (You found it on level 9 of the Dungeon)
 11795 | D:9      | Found a blossoming altar of Fedhas.
 11900 | D:9      | Reached *** piety under Sif Muna
 12478 | D:9      | Found a bloodstained altar of Trog.
 12585 | D:10     | Entered Level 10 of the Dungeon
 12601 | D:10     | Noticed a two-headed ogre
 12608 | D:10     | Killed a two-headed ogre
 12608 | D:10     | Reached skill level 5 in Invocations
 13132 | D:10     | Noticed Erica
 13143 | D:10     | Killed Erica
 13143 | D:10     | Reached skill level 10 in Conjurations
 13512 | D:10     | Noticed a two-headed ogre
 13528 | D:10     | Killed a two-headed ogre
 13528 | D:10     | Reached XP level 11. HP: 47/47 MP: 10/21
 14085 | D:11     | Learned a level 3 spell: Regeneration
 14130 | D:11     | Found a labyrinth entrance.
 14140 | Lab      | Entered a labyrinth
 14198 | Lab      | Noticed a minotaur
 14211 | Lab      | Killed a minotaur
 14528 | Lab      | Identified the Volume of Summoning and Fire
 14564 | D:11     | Reached **** piety under Sif Muna
 14564 | D:11     | Reached skill level 5 in Charms
 14745 | D:11     | Noticed a five-headed hydra
 14753 | D:11     | Killed a five-headed hydra
 14795 | D:11     | Got a wavering lead amulet
 14872 | D:11     | Noticed a two-headed ogre
 14980 | D:11     | Killed a two-headed ogre
 15706 | D:11     | Noticed an unseen horror
 15709 | D:11     | Killed an unseen horror
 15759 | D:11     | Learned a level 7 spell: Spellforged Servitor
 15776 | D:11     | Reached skill level 1 in Summonings
 16217 | D:12     | Noticed a cyan ugly thing
 16428 | Lair:1   | Entered Level 1 of the Lair of Beasts
 16558 | Lair:1   | Reached XP level 12. HP: 51/51 MP: 19/26
 16766 | Lair:1   | Identified the amulet "Ymomyroi" {Spirit rPois} (You found it on level 11 of the Dungeon)
 16800 | Lair:1   | Reached ***** piety under Sif Muna
 16938 | Lair:1   | Received a gift from Sif Muna
 16941 | Lair:1   | Identified Sif Muna's Collected Works on Envenoming (Sif Muna gifted it to you on level 1 of the Lair of Beasts)
 16941 | Lair:1   | Identified Sif Muna's Collected Works on Envenoming (Sif Muna gifted it to you on level 1 of the Lair of Beasts)
 17173 | Lair:1   | Reached skill level 5 in Summonings
 17856 | Lair:2   | Got a brightly glowing dagger
 17857 | Lair:2   | Identified the +9 dagger of Cowardice {elec, +Fly rPois rC+} (You found it on level 2 of the Lair of Beasts)
 17943 | Lair:2   | Noticed a four-headed hydra
 17946 | Lair:2   | Noticed Fannar
 17946 | Lair:2   | Killed a four-headed hydra
 17974 | Lair:2   | Killed Fannar
 18099 | Lair:2   | Found a blossoming altar of Fedhas.
 18505 | Lair:2   | Found a runed door.
 18945 | Lair:2   | Noticed a dire elephant
 19105 | Lair:3   | Found a staircase to the Snake Pit.
 19191 | Lair:3   | Noticed a seven-headed hydra
 19203 | Lair:3   | Killed a seven-headed hydra
 19467 | Lair:3   | Noticed Sonja
 19479 | Lair:3   | Killed Sonja
 19964 | Lair:3   | Learned a level 1 spell: Summon Butterflies
 19978 | Lair:3   | Reached skill level 11 in Conjurations
 20523 | Lair:3   | Found a staircase to the Shoals.
 20983 | Lair:4   | Received a gift from Sif Muna
 21211 | Lair:4   | Reached XP level 13. HP: 46/55 MP: 0/27
 22172 | Lair:5   | Reached skill level 12 in Conjurations
 24550 | Lair:6   | Entered Level 6 of the Lair of Beasts
 24841 | Lair:6   | Identified Lausemm's Catalogue of Hexes (Sif Muna gifted it to you on level 6 of the Lair of Beasts)
 24841 | Lair:6   | Received a gift from Sif Muna
 24877 | Lair:6   | Noticed Josephine
 25280 | Lair:6   | Found a staircase to the Slime Pits.
 25280 | Lair:6   | Found a viscous altar of Jiyva.
 26141 | Lair:6   | Reached skill level 10 in Summonings
 26141 | Lair:6   | Reached XP level 14. HP: 59/59 MP: 21/28
 26514 | Lair:6   | Reached skill level 13 in Conjurations
 27179 | Lair:6   | Killed Josephine
 27267 | Lair:6   | Identified Sif Muna's Reference Book on the Escort (Sif Muna gifted it to you on level 6 of the Lair of Beasts)
 27267 | Lair:6   | Received a gift from Sif Muna
 28650 | Lair:6   | Reached skill level 14 in Conjurations
 28815 | Lair:6   | Got an ichor-stained cloak
 28816 | Lair:6   | Identified the +0 cloak "Tusuczug" {rElec rPois MR+ Regen+} (You found it on level 6 of the Lair of Beasts)
 29274 | D:12     | Found a shattered altar of Ashenzari.
 29276 | D:12     | Found a radiant altar of Vehumet.
 29276 | D:12     | Found a shimmering altar of Xom.
 29278 | D:12     | Found a shattered altar of Ashenzari.
 29278 | D:12     | Found a snail-covered altar of Cheibriados.
 29278 | D:12     | Found an ancient bone altar of Kikubaaqudgha.
 29940 | D:12     | Reached skill level 10 in Translocations
 30647 | D:12     | Found a staircase to the Orcish Mines.
 31057 | D:13     | Noticed Rupert
 31080 | D:13     | Killed Rupert
 31488 | D:13     | Found a white marble altar of Elyvilon.
 31576 | D:13     | Reached skill level 1 in Fighting
 31787 | D:13     | Reached XP level 15. HP: 66/66 MP: 19/29
 32015 | D:13     | Found a gate to the Vaults.
 32114 | D:13     | Shot with an arrow by a centaur warrior

Skill      XL: |  1  2  3  4  5  6  7  8  9 10 11 12 13 14 |
---------------+-------------------------------------------+-----
Conjurations   | 3 4 5 6 7 8 9 10 11 12 14 | 14.0
Hexes          | 2 4 |  4.6
Spellcasting   | 5 6 9 |  9.2
Dodging        | 5 6 |  6.2
Translocations | 8 12 | 12.5
Invocations    | 2 6 8 |  8.0
Evocations     | 4 |  4.6
Charms         | 5 |  5.0
Summonings     | 3 7 10 | 10.0
Fighting       | 2 |  2.4
Stealth        | |  3.0

Action                   |  1- 3 |  4- 6 |  7- 9 | 10-12 | 13-15 || total
-------------------------+-------+-------+-------+-------+-------++-------
Melee: Short sword       |     2 |     8 |       |       |       ||    10
       Mace              |       |       |     4 |       |       ||     4
       Staff             |       |       |       |     6 |    12 ||    18
 Cast: Magic Dart        |    56 |    67 |   125 |    39 |     3 ||   290
       Searing Ray       |     4 |    18 |    18 |     3 |       ||    43
       Dazzling Spray    |       |     4 |    17 |    15 |    27 ||    63
       Fulminant Prism   |       |     1 |    44 |    41 |    47 ||   133
       Force Lance       |       |       |    29 |   134 |   186 ||   349
       Iskenderun's Myst |       |       |    12 |   116 |   216 ||   344
       Summon Butterflie |       |       |       |     7 |     5 ||    12
       Regeneration      |       |       |       |     1 |     5 ||     6
       Spellforged Servi |       |       |       |       |     2 ||     2
Invok: Divine Energy     |       |       |     1 |     1 |       ||     2
       Stop Divine Energ |       |       |     1 |       |       ||     1
       Channel Magic     |       |       |       |       |     7 ||     7
       Forget Spell      |       |       |       |       |     1 ||     1
Evoke: Wand              |       |       |     5 |     1 |     7 ||    13
       Crystal ball of e |       |       |       |     1 |     5 ||     6
       Sack of spiders   |       |       |       |       |     3 ||     3
  Use: Scroll            |     5 |     2 |    15 |    14 |    11 ||    47
       Potion            |     3 |     3 |     2 |     2 |       ||    10
 Stab: Invisible         |       |     1 |       |       |       ||     1
       Sleeping          |       |       |     2 |       |       ||     2
  Eat: Fruit             |       |     2 |     1 |     9 |     3 ||    15
       Bread ration      |       |       |     4 |     5 |     7 ||    16
       Royal jelly       |       |       |       |     2 |     3 ||     5
Armor: Robe              |     4 |     3 |     4 |     2 |    12 ||    25
Dodge: Dodged            |    12 |    30 |    40 |    27 |    61 ||   170
Block: Other             |       |       |     2 |       |       ||     2
